 Dungeon Crawl Stone Soup version bcrawl-1.37.2 (webtiles) character file.

Game seed: 18047680748315232643

178888 Astera the Cudgeler (level 5, 58/58 HPs)
             Began as an Ent Fighter on Jan 8, 2023.
             Quit the game on level 3 of the Dungeon.
             The game lasted 00:08:44 (1626 turns).

Astera the Cudgeler (Ent Fighter)                   Turns: 1626, Time: 00:08:45

Health: 58/58      AC: 12    Str: 25    XL:     5   Next: 0%
Magic:  5/5        EV:  8    Int:  8    God:
Gold:   148        SH:  9    Dex:  9    Spells: 4/4 levels left

rFire    . . .     GDR:     30% a - +0 flail
rCold    . . .     SeeInvis .   b - +0 medium shield
rNeg     + + +     Gourm    .   (armour unavailable)
rPois    +         Faith    .   (helmet restricted)
rElec    .         Spirit   .   (no cloak)
rCorr    .         Reflect  .   (gloves unavailable)
MR       .....                  (boots unavailable)
Stlth    +.........             j - amulet of magic regeneration
HPRegen  0.19/turn              (no ring)
MPRegen  0.21/turn              (no ring)

@: very slow
A: large, slow actions, passwall, strong branches, negative energy resistance 3,
poison resistance, slow metabolism 1, torment resistance, unbreathing, AC +12
a: Passwall


You were on level 3 of the Dungeon.
You were not hungry.

You visited 1 branch of the dungeon, and saw 3 of its levels.

You collected 148 gold pieces.

Inventory:

Hand Weapons
 a - a +0 flail (weapon)
Armour
 b - a +0 medium shield (worn)
Jewellery
 j - an amulet of magic regeneration (around neck)
Scrolls
 d - a scroll of immolation {unknown}
 f - 2 scrolls of remove curse
 h - a scroll of enchant weapon {unknown}
 i - a scroll of identify
Potions
 c - a potion of might
 g - a potion of ambrosia {unknown}
 k - 2 potions of curing {unknown}
 l - a potion of heal wounds {unknown}
 m - a potion of mutation {unknown}
 o - a potion of flight {unknown}
 p - a potion of cancellation {unknown}
Comestibles
 e - 8 rations {!d}
 n - 12 chunks of flesh


   Skills:
 + Level 3.7 Fighting
 + Level 4.2 Maces & Flails
 + Level 3.4 Dodging
 + Level 3.1 Shields


You had 4 spell levels left.
You didn't know any spells.
Your spell library was empty.

Dungeon Overview and Level Annotations

Branches:
Dungeon (3/12)

Altars:
Gozag
Okawaru
Uskayaw

Shops:
D:3 *

Annotations:
D:3 2 transporters, foxfromabyss's ghost, amateur GnSA


Innate Abilities, Weirdness & Mutations

You move and act slowly.
You can pass through walls and trees.
Your branches can wield two-handed weapons with a shield.
Your thick bark is tough. (AC +12)
You are too large for most types of armour.
You are immune to negative energy. (rN+++)
Your system is resistant to poisons. (rPois)
You have a slow metabolism.
You are immune to unholy pain and torment.
You can survive without breathing.


Message History

You sock the adder!
The adder is almost dead.
The adder bites you but does no damage. The adder closely misses you.
You hit the adder but do no damage.
The adder is almost dead.
You block the adder's attack. x2
Your shield prevents you from hitting the adder.
The adder is almost dead.
You block the adder's attack. The adder bites you but does no damage.
You sock the adder!
You kill the adder!
You have reached level 5!
Your bark feels tougher.
Foxfromabyss's ghost turns its malevolent gaze towards you.
Some of the chunks of flesh in your inventory have rotted away.
For a moment, foxfromabyss's ghost blends into the shadows.
A hobgoblin comes into view. It is wielding a +0 club.
The hobgoblin shouts!
A hobgoblin is nearby!
Are you sure you want to abandon this character and quit the game? (Confirm with "yes".)

#..#...........#.....# ##.#.#.##
#..#..##...##..#.....# ......
#..#..#8)..8#..#.....# ......#
#..#..##...##..#.....# #..#..#
#..#.....©.....#.###.#.## #.#..#
...#..##...##..#.###..... #....#
...#..#8...8#.W#.....#.# #...#
...#..##...##ZM#.###.#.#. #...#
...#...........#@# #.# #.####...#
...#..........©#.###.# #......>..
##.#############...#.#.###....###
.........©.........#.#.....##.#
...#.###.............#####....#
##.#.# ##.......[..g.......#..#
#.#.# #.....................#
#.#.# #...........#########.#
#.#.# #............# #.#


You could see a mummy, foxfromabyss's ghost, a hobgoblin and a hound skeleton.

Vanquished Creatures
  A worker ant (D:3)
  Robin (D:3)
  2 adders (D:3)
  3 oozes (D:2)
  A worm (D:2)
  A dart slug (D:1)
  4 leopard geckos
  An orc (D:3)
  7 bats
  A giant cockroach (D:2)
  11 goblins
  6 hobgoblins
  6 jackals
  2 frilled lizards
  9 kobolds
  3 rats (D:2)
59 creatures vanquished.

Notes
Turn   | Place    | Note
-------+----------+-------------------------------------------
     0 | D:1      | Astera the Ent Fighter began the quest for the Orb.
     0 | D:1      | Reached XP level 1. HP: 25/25 MP: 1/1
   109 | D:1      | Reached XP level 2. HP: 33/33 MP: 2/2
   647 | D:2      | Reached XP level 3. HP: 36/42 MP: 3/3
   758 | D:2      | Reached skill level 3 in Maces & Flails
   772 | D:2      | Found a hide-covered altar of Uskayaw.
   951 | D:2      | Found an iron altar of Okawaru.
  1317 | D:3      | Found a transporter.
  1317 | D:3      | Noticed foxfromabyss's ghost (amateur GnSA)
  1325 | D:3      | Found a transporter.
  1337 | D:3      | Reached XP level 4. HP: 48/51 MP: 4/4
  1356 | D:3      | Found Gozag's Platinum Reserve.
  1359 | D:3      | Found an opulent altar of Gozag.
  1374 | D:3      | Reached skill level 4 in Maces & Flails
  1472 | D:3      | Identified the +0 helmet "Kexzole" {Dex+3}
  1472 | D:3      | Noticed Robin
  1518 | D:3      | Killed Robin
  1610 | D:3      | Reached XP level 5. HP: 58/58 MP: 5/5
  1626 | D:3      | Quit the game

Skill      XL: |  1  2  3  4 |
---------------+-------------+-----
Dodging        | 3 |  3.4
Maces & Flails | 3 4 |  4.2
Shields        | 3 |  3.1
Fighting       | |  3.7

Action                   |  1- 3 |  4- 6 || total
-------------------------+-------+-------++-------
Melee: Flail             |   131 |    71 ||   202
  Use: Scroll            |     2 |       ||     2
  Eat: Chunk             |     3 |     2 ||     5
       Ration            |       |     1 ||     1
Armor: Skin              |   101 |    83 ||   184
Dodge: Dodged            |    59 |    46 ||   105
Block: Medium shield     |    90 |    69 ||   159
